 Dungeon Crawl Stone Soup version 0.28-a0-915-gcd63401287 (webtiles) character file.

Game seed: 15053582282389332584

1866 funkygono the Carver (level 9, -1/65 (69) HPs)
             Began as a Formicid Fighter on Nov 25, 2021.
             Succumbed to a water moccasin's poison
             ... on level 5 of the Dungeon.
             The game lasted 00:11:26 (6854 turns).

funkygono the Carver (Formicid Fighter)             Turns: 6854, Time: 00:11:27

HP:   -1/65 (69)    AC: 15    Str: 24    XL:     9   Next: 35%
MP:   9/9           EV:  7    Int:  8    God:
Gold: 274           SH:  5    Dex: 10    Spells: 8/8 levels left

rFire   . . .      SeeInvis +   t - +0 long sword (holy)
rCold   . . .      Faith    .   c - +0 buckler
rNeg    . . .      Spirit   .   q - +0 plate armour
rPois   .          Reflect  .   (helmet unavailable)
rElec   .          Harm     .   (no cloak)
rCorr   +          Rampage  .   (no gloves)
Will    .....                   e - +1 pair of boots
Stlth   ..........              (no amulet)
HPRegen 0.20/turn               l - ring of resist corrosion
MPRegen 0.11/turn               (no ring)

@: lethally poisoned (-1 -> -11), drained
A: permanent stasis, dig shafts and tunnels, antennae 3, four strong arms
a: Dig, Shaft Self


You were on level 5 of the Dungeon.
You visited 1 branch of the dungeon, and saw 6 of its levels.

You collected 310 gold pieces.
You spent 36 gold pieces at shops.

Inventory:

Hand Weapons
 a - a +1 long sword
 t - a +0 long sword of holy wrath (weapon)
Missiles
 h - 98 stones (quivered)
 k - 5 atropa-tipped darts
 u - a throwing net
 y - 10 poisoned darts
Armour
 b - a +0 scale mail
 c - a +0 buckler (worn)
 e - a +1 pair of boots (worn)
 q - a +0 plate armour (worn)
Jewellery
 l - a ring of resist corrosion (left hand)
Wands
 m - a wand of flame (55)
Scrolls
 f - 2 scrolls of magic mapping
 s - a scroll of fog
 w - a scroll of fear {unknown}
 x - a scroll of immolation {unknown}
Potions
 d - a potion of might
 g - a potion of lignification {unknown}
 i - 3 potions of heal wounds
 j - a potion of curing {unknown}
 n - a potion of flight {unknown}
 o - a potion of berserk rage {unknown}
 p - a potion of attraction {unknown}
 r - 3 potions of haste {unknown}
 v - a potion of brilliance {unknown}


   Skills:
 + Level 5.8 Fighting
 + Level 8.3 Long Blades
 + Level 0.8 Throwing
 + Level 6.3 Armour
 + Level 1.8 Dodging
 + Level 1.1 Stealth
 + Level 5.8 Shields
 + Level 0.9 Evocations


You had 8 spell levels left.
You didn't know any spells.
Your spell library contained the following spells:

 Spells                   Type           Power      Damage    Failure   Level
 Conjure Flame            Conj/Fire      0%         6-21      100%        3
 Dazzling Flash           Conj/Hex       0%         N/A       100%        3
 Ignite Poison            Fire/Tmut/Pois 0%         N/A       100%        3
 Sticky Flame             Conj/Fire      0%         2d3       100%        4
 Agony                    Necr           0%         N/A       100%        5
 Silence                  Hex/Air        0%         N/A       100%        5


Dungeon Overview and Level Annotations

Branches:
Dungeon (6/15)
 Temple: D:4-7

Altars:
Sif Muna
Xom

Shops:
D:1 *


Innate Abilities, Weirdness & Mutations

You cannot be hasted, slowed, berserked, paralysed or teleported.
You can dig through walls and to a lower floor.
You have a pair of large antennae on your head. (SInv)
Your four strong arms can wield two-handed weapons with a shield.


Message History

You feel drained.
You closely miss the water moccasin.
The water moccasin is severely wounded.
You feel very sick. The water moccasin barely misses you.
The wight hits you from afar with a +0 trident.
You feel drained. The water moccasin closely misses you.
You closely miss the water moccasin.
The water moccasin is severely wounded.
You feel sick. The water moccasin bites you.
* * * LOW HITPOINT WARNING * * *
You are lethally poisoned!
The water moccasin poisons you!
The wight hits you from afar with a +3 halberd of freezing!
* * * LOW HITPOINT WARNING * * *
You feel drained.
* * * LOW HITPOINT WARNING * * *
The wight freezes you.
* * * LOW HITPOINT WARNING * * *
The wight hits you but does no damage.
Welcome back, funkygono the Formicid Fighter.
Press ? for a list of commands and other information.
It was a potion of heal wounds.
You feel much better.
* * * LOW HITPOINT WARNING * * *
You feel very sick. The water moccasin bites you.
* * * LOW HITPOINT WARNING * * *
You block the wight's attack. The wight hits you but does no damage.
The water moccasin bites you but does no damage.
* * * LOW HITPOINT WARNING * * *
You feel very sick.
* * * LOW HITPOINT WARNING * * *
You feel very sick.
There is a stone staircase leading up here.
* * * LOW HITPOINT WARNING * * *
You feel sick. The water moccasin barely misses you.
The water moccasin bites you.
* * * LOW HITPOINT WARNING * * *
You climb upwards.
You die...

.#######.##
..........##
.###.......########
..................#
.###.....##########
####..............#
.#.....#########..###
.#.....# #.##.#S..##
.#.....# #....@.#..#
.#.....# ####......#
.#....## #.#.#..#
.########## #......#
.....#)...#####.#.#..#
####.#...............#
#.#..#.#.#.####...#
####.#......(.# #####
#.......#.#.#.#


You could see a water moccasin.

Vanquished Creatures
  Grinder (D:6)
  A wyvern (D:5)
  A water moccasin (D:6)
  Edmund (D:6)
  An orc warrior (D:5)
  A necrophage (D:5)
  An ogre (D:5)
  A phantom (D:5)
  A scorpion (D:4)
  A wight (D:6)
  A howler monkey (D:6)
  A bullfrog zombie (D:6)
  A crimson imp (D:6)
  2 jellies
  3 hounds
  3 centaur skeletons
  A bullfrog skeleton (D:5)
  2 gnoll shamans
  An orc wizard (D:5)
  Natasha (thrice) (D:2)
  2 iguanas
  A howler monkey zombie (D:6)
  A howler monkey skeleton (D:5)
  8 gnolls
  7 adders
  A shadow imp (D:5)
  A white imp (D:6)
  An ufetubus (D:6)
  An adder skeleton (D:4)
  A worm (D:3)
  3 dart slugs
  10 orcs
  8 bats
  5 endoplasms
  5 giant cockroaches
  12 hobgoblins
  6 kobolds
  4 quokkas (D:1)
  8 ball pythons
  3 frilled lizards
  15 goblins
  6 rats
137 creatures vanquished.

Vanquished Creatures (others)
  2 plants
  5 toadstools (D:3)
7 creatures vanquished.

Grand Total: 144 creatures vanquished

Notes
Turn   | Place    | Note
-------+----------+-------------------------------------------
     0 | D:1      | funkygono the Formicid Fighter began the quest for the Orb.
     0 | D:1      | Reached XP level 1. HP: 18/18 MP: 1/1
   163 | D:1      | Reached XP level 2. HP: 24/24 MP: 2/2
   283 | D:1      | Found Lenad's General Store.
   446 | D:1      | Reached XP level 3. HP: 30/30 MP: 3/3
  1026 | D:1      | Bought 5 atropa-tipped darts for 36 gold pieces
  1329 | D:2      | Reached XP level 4. HP: 37/37 MP: 4/4
  1411 | D:2      | Reached skill level 3 in Long Blades
  1530 | D:2      | Noticed Natasha
  1542 | D:2      | Killed Natasha
  1803 | D:2      | Reached XP level 5. HP: 42/42 MP: 5/5
  1860 | D:2      | Noticed Natasha
  1869 | D:2      | Killed Natasha
  2180 | D:2      | Noticed Natasha
  2186 | D:2      | Killed Natasha
  2670 | D:3      | Reached XP level 6. HP: 49/49 MP: 6/6
  2957 | D:3      | Found a shimmering altar of Xom.
  2965 | D:3      | Found a shimmering blue altar of Sif Muna.
  3392 | D:4      | Reached skill level 4 in Long Blades
  4092 | D:4      | Reached skill level 5 in Long Blades
  4098 | D:4      | Reached XP level 7. HP: 52/55 MP: 7/7
  4286 | D:5      | Entered Level 5 of the Dungeon
  4492 | D:5      | Reached skill level 1 in Dodging
  4492 | D:5      | Reached skill level 1 in Stealth
  4612 | D:5      | Noticed a wyvern
  4619 | D:5      | Killed a wyvern
  4791 | D:5      | Reached skill level 6 in Long Blades
  4791 | D:5      | Reached skill level 5 in Armour
  4791 | D:5      | Reached XP level 8. HP: 58/61 MP: 8/8
  4797 | D:5      | Reached skill level 5 in Fighting
  5150 | D:5      | Reached skill level 5 in Shields
  6045 | D:6      | Reached skill level 7 in Long Blades
  6245 | D:6      | Noticed Grinder
  6261 | D:6      | Killed Grinder
  6297 | D:6      | Reached XP level 9. HP: 68/68 MP: 9/9
  6532 | D:6      | Noticed Edmund
  6573 | D:6      | Killed Edmund
  6663 | D:6      | Reached skill level 8 in Long Blades
  6853 | D:6      | HP: 3/65 [poisoned by a water moccasin]
  6854 | D:5      | Succumbed to a water moccasin's poison

Illustrated notes

Levels and vault maps discovered:
D:1:      dpeg_arrival_tiny_a, layout_basic, serial_shops,
          nicolae_shop_statue_plus, serial_bayou_pond_b,
          nicolae_figureground_sparkle
D:2:      layout_basic, minmay_pentomino_q2, uniq_natasha
D:3:      corexii_shack_village, layout_loops_corners,
          mainiacjoe_overflow_big_doors, minmay_gold_behind_fungi
D:4:      minmay_spotlight, layout_basic
D:5:      layout_loops_cross, serial_co_window_serial, co_window_paths_b,
          co_window_of_opportunity_a, co_window_paths_a, co_window_corner_a,
          co_window_corner_a, co_window_paths_b, co_window_paths_a,
          co_window_broadway_c, co_window_2corner, co_window_corner_ca,
          co_window_broadway_c, co_window_4corner_a, co_window_paths_e,
          glass_columns_a, glass_columns_a, glass_columns_a, glass_columns_a,
          glass_columns_b
D:6:      layout_rooms, minmay_fire_ice_demons, uniq_grinder, uniq_edmund,
          uniq_sigmund

Skill      XL: |  1  2  3  4  5  6  7  8  9 |
---------------+----------------------------+-----
Shields        | 4 5 |  5.8
Fighting       | 4 5 |  5.8
Long Blades    | 3 5 6 7 8 |  8.3
Armour         | 4 5 6 |  6.3
Dodging        | 1 |  1.8
Stealth        | 1 |  1.1
Throwing       | |  0.8
Evocations     | |  0.9

Action                   |  1- 3 |  4- 6 |  7- 9 || total
-------------------------+-------+-------+-------++-------
Melee: Long sword        |    92 |   163 |   234 ||   489
Throw: Dart              |     6 |     9 |       ||    15
       Stone             |       |       |     3 ||     3
Evoke: Wand              |       |       |     5 ||     5
  Use: Scroll            |     3 |     2 |     2 ||     7
       Potion            |       |       |     1 ||     1
 Stab: Invisible         |       |     1 |       ||     1
Armor: Scale mail        |    41 |    61 |    15 ||   117
       Plate armour      |       |       |   109 ||   109
Dodge: Dodged            |    42 |    68 |    67 ||   177
Block: Buckler           |    19 |    39 |    50 ||   108

Table legend: (Time is in decaauts)
 A = Elapsed time spent in this place.
 B = Non-inter-level travel time spent in this place.
 C = Inter-level travel time spent in this place.
 D = Time resting spent in this place.
 E = Time spent auto-exploring this place.
 F = Levels seen in this place.
 G = Mean time per level.
                   A        B        C        D        E       F      G
               +--------+--------+--------+--------+--------+-----+--------+
         Total |   6928 |   6721 |    207 |     27 |   5101 |   6 | 1154.7 |
       Dungeon |   6928 |   6721 |    207 |     27 |   5101 |   6 | 1154.7 |
               +--------+--------+--------+--------+--------+-----+--------+

Top non-repeatable levels by time:
     D:5: 1712 daAuts
     D:2: 1197 daAuts
     D:3: 1085 daAuts
     D:1: 1075 daAuts
     D:4: 1001 daAuts
     D:6: 856 daAuts
